[Event "Titled Tuesday Blitz February 14 Early 2023"]
[White "Lorenzo De La Riva, Lazaro"]
[Black "Cramling Bellon, Anna"]
[WhiteFideId "2268809"]
[BlackFideId "32009232"]
[WhiteElo "2404"]
[BlackElo "2043"]
[Result "1-0"]
[Round "05"]
[TimeControl "180+2"]
[Date "2023.02.15"]
[WhiteClock "0:00:34"]
[BlackClock "0:00:05"]

1. d4 Nf6 2. Nd2 d5 3. e3 c5 4. dxc5 Nc6 5. a3 a5 6. Bb5 e6 7. Ngf3 Bxc5 8. b3 O-O 9. Bb2 Qe7 10. O-O Rd8 11. Qe2 Bd7 12. c4 Ne4 13. Nxe4 dxe4 14. Bxc6 Bxc6 15. Ne5 f5 16. Qc2 Qg5 17. g3 Rac8 18. h4 Qh6 19. Qc3 Be8 20. Rad1 Bh5 21. Rxd8+ Rxd8 22. b4 axb4 23. axb4 Be7 24. c5 Bf6 25. Qc4 Bxe5 26. Bxe5 Rd2 27. Ra1 Rd1+ 28. Rxd1 Bxd1 29. Qd4 Bf3 30. Qd8+ Kf7 31. Qd7+ Kg6 32. Qxe6+ Kh5 33. Qxf5+ 1-0


[Site "https://www.chess.com"]

[Event "Titled Tuesday Blitz February 14 Early 2023"]
[White "Boder, Jan"]
[Black "Thiel, Thomas"]
[WhiteFideId "16243226"]
[BlackFideId "4615964"]
[WhiteElo "2294"]
[BlackElo "2234"]
[Result "0-1"]
[Round "05"]
[TimeControl "180+2"]
[Date "2023.02.15"]
[WhiteClock "0:00:01"]
[BlackClock "0:00:20"]

1. b3 e5 2. Bb2 Nc6 3. e3 Nf6 4. Bb5 Bd6 5. d3 Ne7 6. d4 c6 7. dxe5 Qa5+ 8. Nd2 Bxe5 9. Bxe5 Qxb5 10. Ngf3 d5 11. c4 dxc4 12. Nxc4 O-O 13. O-O Be6 14. Bxf6 gxf6 15. Nd4 Qd5 16. Qc2 Nf5 17. Nxf5 Bxf5 18. Qc3 Kg7 19. Rad1 Qc5 20. Rd6 Be6 21. Qd4 Qxd4 22. Rxd4 Rfd8 23. Rfd1 Rxd4 24. Rxd4 a5 25. f4 b5 26. Nd6 a4 27. f5 axb3 28. axb3 Bxb3 29. Rg4+ Kh8 30. e4 c5 31. Kf2 b4 32. Ke3 Ba2 33. Kd2 Rd8 34. e5 fxe5 35. Kc2 Rxd6 36. Kb2 Bd5 37. Rg3 e4 38. Re3 c4 39. g4 c3+ 40. Kc1 Rc6 41. h4 b3 42. g5 b2+ 43. Kc2 Bb3+ 44. Kb1 c2+ 45. Kxb2 c1=Q+ 46. Kxb3 Qxe3+ 47. Kb4 Qb6+ 48. Ka3 Qa5+ 49. Kb3 Qb5+ 0-1


[Site "https://www.chess.com"]

[Event "Titled Tuesday Blitz February 14 Early 2023"]
[White "Kanyamarala, Trisha"]
[Black "Sabar, Ethmane Daouda"]
[WhiteFideId "45004722"]
[BlackFideId "19600097"]
[WhiteElo "2278"]
[BlackElo "2040"]
[Result "1-0"]
[Round "05"]
[TimeControl "180+2"]
[Date "2023.02.15"]
[WhiteClock "0:01:13"]
[BlackClock "0:00:16"]

1. c4 e5 2. Nc3 Nf6 3. g3 d5 4. cxd5 Nxd5 5. Bg2 Nxc3 6. bxc3 Nc6 7. d3 Be7 8. e4 O-O 9. Nf3 Bg4 10. O-O Qd7 11. Qc2 Rad8 12. Rd1 Bh3 13. Bb2 Bxg2 14. Kxg2 Bf6 15. d4 exd4 16. cxd4 Nb4 17. Qb3 a5 18. Bc3 Be7 19. a3 a4 20. Qb2 Nc6 21. Qxb7 Rb8 22. Qa6 Rb3 23. Bb4 Nxb4 24. axb4 Rxb4 25. Ne5 Qe6 26. Qxe6 fxe6 27. Nc6 Bd6 28. Nxb4 Bxb4 29. Rxa4 c5 30. Rc1 Rc8 31. Rxb4 1-0


[Site "https://www.chess.com"]

[Event "Titled Tuesday Blitz February 14 Early 2023"]
[White "Avazkhonov, Alikhon"]
[Black "Kohler, Aran"]
[WhiteFideId "14208504"]
[BlackFideId "1002856"]
[WhiteElo "1538"]
[BlackElo "2010"]
[Result "0-1"]
[Round "05"]
[TimeControl "180+2"]
[Date "2023.02.15"]
[WhiteClock "0:00:01"]
[BlackClock "0:00:42"]

1. d4 Nf6 2. c4 c5 3. d5 b5 4. cxb5 a6 5. e3 g6 6. Nc3 Bg7 7. Nf3 O-O 8. e4 d6 9. a4 axb5 10. Bxb5 Na6 11. O-O Nc7 12. Bc6 Rb8 13. Re1 Ng4 14. h3 Ne5 15. Nxe5 Bxe5 16. Bh6 Bg7 17. Bxg7 Kxg7 18. Nb5 f6 19. Qd3 Na6 20. Qc4 Nb4 21. a5 Ba6 22. Qc3 Nxc6 23. dxc6 Rxb5 24. Ra4 Qc7 25. b4 Qxc6 26. f3 Rc8 27. Rc1 c4 28. Kh2 Re5 29. Ra3 d5 30. exd5 Rxd5 31. Qe3 Qd6+ 32. Kh1 Qxb4 33. Raa1 Qc5 34. Qc3 Rd3 35. Qb2 c3 36. Qb3 c2 37. Qa4 Rcd8 38. Rab1 cxb1=Q 0-1


[Site "https://www.chess.com"]

[Event "Titled Tuesday Blitz February 14 Early 2023"]
[White "Broca Jimenez, Fernando"]
[Black "Silva Lucena, Cristian"]
[WhiteFideId "5104742"]
[BlackFideId "2232588"]
[WhiteElo "2075"]
[BlackElo "2285"]
[Result "0-1"]
[Round "05"]
[TimeControl "180+2"]
[Date "2023.02.15"]
[WhiteClock "0:00:19"]
[BlackClock "0:01:34"]

1. e4 e6 2. d4 d5 3. exd5 exd5 4. Bd3 Bd6 5. Ne2 Ne7 6. Bf4 Nbc6 7. c3 O-O 8. O-O Bf5 9. Re1 Qd7 10. Qc2 Bxd3 11. Qxd3 a5 12. Nd2 a4 13. Nf3 Ra6 14. Bxd6 Qxd6 15. Ng3 Rb6 16. Re2 Ng6 17. Nf5 Nf4 18. Nxd6 Nxd3 19. Ne8 Nf4 20. Ree1 Rxb2 21. Nxc7 Ne2+ 22. Kf1 Nxc3 23. a3 Rc8 24. Ne8 Ne4 25. Nxg7 Kxg7 0-1


[Site "https://www.chess.com"]

[Event "Titled Tuesday Blitz February 14 Early 2023"]
[White "Kielinkei"]
[Black "Aung Thant Zin"]
[BlackFideId "13000063"]
[WhiteElo "2360"]
[BlackElo "2268"]
[Result "1-0"]
[Round "05"]
[TimeControl "180+2"]
[Date "2023.02.15"]
[WhiteClock "0:00:03"]
[BlackClock "0:00:02"]

1. Nf3 d5 2. b3 c5 3. e3 Nc6 4. Bb5 Bg4 5. Bb2 e6 6. h3 Bxf3 7. Qxf3 Nf6 8. d3 Be7 9. Nd2 O-O 10. Bxc6 bxc6 11. O-O a5 12. a4 Rb8 13. e4 c4 14. dxc4 Bb4 15. e5 Nd7 16. Rfd1 Qg5 17. Qe2 Bxd2 18. Qxd2 Qf5 19. cxd5 cxd5 20. Qe2 Rfc8 21. Rd3 Nc5 22. Rf3 Qh5 23. Bd4 Ne4 24. Re3 Qg6 25. Rc1 h5 26. c4 h4 27. c5 Rb4 28. Bb2 Rxc5 29. Rxc5 Nxc5 30. Ba3 Qb1+ 31. Kh2 Rxb3 32. Bxc5 Rxe3 33. Qxe3 Qa2 34. Qd4 Qe2 35. Bb6 Qf1 36. Bxa5 Qa6 37. Bd2 Qc6 38. Be3 Qc2 39. a5 Qa2 40. Qb6 g6 41. a6 Qa1 42. Bd4 Qc1 43. Be3 Qa1 44. Bf4 1-0


[Site "https://www.chess.com"]

[Event "Titled Tuesday Blitz February 14 Early 2023"]
[White "Kiseleva, Arina"]
[Black "Harriott, Tyrell"]
[WhiteFideId "4164989"]
[BlackFideId "2086484"]
[WhiteElo "1962"]
[BlackElo "1889"]
[Result "0-1"]
[Round "05"]
[TimeControl "180+2"]
[Date "2023.02.15"]
[WhiteClock "0:01:55"]
[BlackClock "0:01:54"]

1. d4 e6 2. Nf3 d5 3. e3 Bd6 4. Bd3 f5 5. O-O Nf6 6. c4 c6 7. a3 O-O 8. b4 Ne4 9. Bb2 Nd7 10. Ne5 Qg5 11. f3 Qxe3+ 12. Kh1 Ng3+ 13. hxg3 Rf6 14. Ng4 fxg4 15. Bxh7+ Kh8 0-1


[Site "https://www.chess.com"]

[Event "Titled Tuesday Blitz February 14 Early 2023"]
[White "Sailer, Mike"]
[Black "Pourkashiyan, Atousa"]
[WhiteFideId "2012901"]
[BlackFideId "12502014"]
[WhiteElo "2109"]
[BlackElo "2282"]
[Result "0-1"]
[Round "05"]
[TimeControl "180+2"]
[Date "2023.02.15"]
[WhiteClock "0:00:04"]
[BlackClock "0:00:34"]

1. d4 Nf6 2. Nf3 e6 3. Bg5 h6 4. Bh4 b6 5. e3 Bb7 6. Be2 Be7 7. O-O O-O 8. c4 c5 9. Nc3 d5 10. cxd5 Nxd5 11. Bxe7 Qxe7 12. Nxd5 Bxd5 13. dxc5 Qxc5 14. Qa4 Nc6 15. Rac1 Qd6 16. Rfd1 Rac8 17. e4 Qf4 18. Ba6 Rc7 19. Re1 f5 20. h3 fxe4 21. Nh2 Qxf2+ 22. Kh1 e3 23. Qg4 Ne5 24. Rf1 Nxg4 25. Rxf2 Nxf2+ 0-1


[Site "https://www.chess.com"]

[Event "Titled Tuesday Blitz February 14 Early 2023"]
[White "Michalski, Olaf"]
[Black "Jimenez Garcia, Emmanuel"]
[WhiteFideId "1106740"]
[BlackFideId "6504779"]
[WhiteElo "2273"]
[BlackElo "2410"]
[Result "0-1"]
[Round "05"]
[TimeControl "180+2"]
[Date "2023.02.15"]
[WhiteClock "0:00:13"]
[BlackClock "0:00:47"]

1. d4 c5 2. d5 d6 3. Nc3 e5 4. e4 Be7 5. Nf3 Nf6 6. Bb5+ Nbd7 7. a4 O-O 8. O-O Kh8 9. Nd2 Ng8 10. Bd3 Bg5 11. Nc4 Bxc1 12. Qxc1 Nb6 13. Ne3 Bd7 14. a5 Nc8 15. a6 bxa6 16. Rxa6 Nh6 17. Nb5 Bxb5 18. Bxb5 f5 19. exf5 Nxf5 20. Nxf5 Rxf5 21. b3 Rb8 22. c4 Rb7 23. Qa3 Rbf7 24. Qa5 Qf8 25. Qa2 h5 26. Rc6 e4 27. Qe2 Re5 28. Qe3 Rf6 29. Ba6 Ne7 30. Rc7 Nf5 31. Qg5 Nd4 32. Qxe5 dxe5 33. Rc8 e3 34. Rxf8+ Rxf8 35. fxe3 Ne2+ 0-1


[Site "https://www.chess.com"]

[Event "Titled Tuesday Blitz February 14 Early 2023"]
[White "Bongo Akanga Ndjila, Barthelemy"]
[Black "Kalajzic, Ivan"]
[WhiteFideId "10609431"]
[BlackFideId "14506378"]
[WhiteElo "1824"]
[BlackElo "2062"]
[Result "1/2-1/2"]
[Round "05"]
[TimeControl "180+2"]
[Date "2023.02.15"]
[WhiteClock "0:00:12"]
[BlackClock "0:00:15"]

1. d4 Nc6 2. c4 e5 3. d5 Nce7 4. Nc3 Nf6 5. e4 Ng6 6. g3 Bc5 7. h4 h5 8. Bg5 c6 9. Nf3 Qb6 10. Qe2 Ng4 11. Nd1 O-O 12. Be3 d6 13. Bxc5 Qxc5 14. Bg2 f5 15. exf5 Bxf5 16. Ng5 Qd4 17. O-O Bd3 18. Ne6 Bxe2 19. Nxd4 Bxf1 20. Ne6 Bxg2 21. Kxg2 Rf7 22. f3 Nf6 23. Ne3 cxd5 24. cxd5 Rc8 25. Rd1 Nf8 26. Ng5 Rfc7 27. Kh3 Rc1 28. Rd3 Rh1+ 29. Kg2 Rcc1 30. Nf5 e4 31. fxe4 Rcg1+ 32. Kf2 Ng4+ 33. Ke2 Rh2+ 34. Kf3 Ne5+ 35. Ke3 Re1+ 36. Kd4 Nxd3 37. Kxd3 Rxb2 38. Kc3 Rxa2 39. Kb3 Raa1 40. Ne7+ Kh8 41. Nf7+ Kh7 42. Ng5+ Kh6 43. Nf7+ Kh7 44. Ng5+ Kh8 45. Nf7+ Kh7 1/2-1/2


[Site "https://www.chess.com"]

[Event "Titled Tuesday Blitz February 14 Early 2023"]
[White "Todorovic, Bojan"]
[Black "Ricaurte Lopez, Juan Carlos"]
[WhiteFideId "917087"]
[BlackFideId "3600327"]
[WhiteElo "2195"]
[BlackElo "2226"]
[Result "1-0"]
[Round "05"]
[TimeControl "180+2"]
[Date "2023.02.15"]
[WhiteClock "0:00:38"]
[BlackClock "0:00:22"]

1. d4 d5 2. c4 e5 3. dxe5 d4 4. a3 Nc6 5. e3 Bf5 6. Nf3 dxe3 7. Qxd8+ Rxd8 8. Bxe3 f6 9. Nc3 fxe5 10. Be2 Nf6 11. O-O h6 12. Rad1 Be7 13. Nb5 Rd7 14. Rxd7 Kxd7 15. Rd1+ Kc8 16. Nxa7+ Nxa7 17. Bxa7 b6 18. Nxe5 Kb7 19. Bf3+ Kxa7 20. Nc6+ Ka6 21. Nxe7 Be4 22. Be2 c5 23. Nd5 Ka5 24. b4+ cxb4 25. axb4+ Ka4 26. Nxf6 gxf6 27. c5 bxc5 28. bxc5 Rc8 29. Rd4+ 1-0


[Site "https://www.chess.com"]

[Event "Titled Tuesday Blitz February 14 Early 2023"]
[White "Baruch, Liam"]
[Black "Real_taiatai"]
[WhiteFideId "14322064"]
[WhiteElo "1718"]
[BlackElo "2349"]
[Result "0-1"]
[Round "05"]
[TimeControl "180+2"]
[Date "2023.02.15"]
[WhiteClock "0:00:07"]
[BlackClock "0:01:38"]

1. e4 c5 2. Nf3 Nc6 3. d4 cxd4 4. Nxd4 e5 5. Nb5 d6 6. N1c3 a6 7. Na3 Be7 8. Nc4 Be6 9. Ne3 Nf6 10. Bd3 O-O 11. O-O b5 12. a3 Rc8 13. Ncd5 Bxd5 14. Nxd5 Nxd5 15. exd5 Nb8 16. f4 Bf6 17. Kh1 Nd7 18. Qh5 g6 19. Qh3 Nc5 20. fxe5 Bxe5 21. Bh6 Re8 22. Qf3 Rc7 23. c3 Qh4 24. h3 Qxh6 25. Bc2 Rce7 26. b4 Nd7 27. Rf2 f5 28. Raf1 Qh4 29. Qd3 Rc8 30. Rf3 Rxc3 31. Qd2 Rxf3 32. Rxf3 Nb6 33. Bxf5 Nc4 34. Qc2 Qe1+ 35. Rf1 0-1


[Site "https://www.chess.com"]

[Event "Titled Tuesday Blitz February 14 Early 2023"]
[White "Vargas, Mauricio"]
[Black "Buscar, Michael"]
[WhiteFideId "4404572"]
[BlackFideId "2603616"]
[WhiteElo "2035"]
[BlackElo "2041"]
[Result "0-1"]
[Round "05"]
[TimeControl "180+2"]
[Date "2023.02.15"]
[WhiteClock "0:00:03"]
[BlackClock "0:01:05"]

1. e4 e5 2. Nf3 Nc6 3. Bc4 Nf6 4. Ng5 d5 5. exd5 Na5 6. Bb5+ c6 7. dxc6 bxc6 8. Bd3 Bc5 9. O-O O-O 10. Nc3 Bg4 11. Qe1 Re8 12. Nge4 Bd4 13. a3 Nb7 14. b4 Nd6 15. Rb1 Nd5 16. Nxd6 Qxd6 17. Ne4 Qh6 18. h3 Bh5 19. Nc5 Nf4 20. Be4 Bg6 21. Bxc6 Bxc2 22. Bxa8 Rxa8 0-1


[Site "https://www.chess.com"]

[Event "Titled Tuesday Blitz February 14 Early 2023"]
[White "Mohammadian, Mohammad"]
[Black "Dong, Khanh Linh"]
[WhiteFideId "12566055"]
[BlackFideId "12403040"]
[WhiteElo "1398"]
[BlackElo "1900"]
[Result "0-1"]
[Round "05"]
[TimeControl "180+2"]
[Date "2023.02.15"]
[WhiteClock "0:00:56"]
[BlackClock "0:00:21"]

1. e4 c5 2. Nf3 d6 3. d4 cxd4 4. Nxd4 Nf6 5. Nc3 a6 6. Be2 e5 7. Nb3 Be7 8. Be3 Be6 9. O-O O-O 10. f3 Nc6 11. Qe1 Nb4 12. Qd2 d5 13. exd5 Nbxd5 14. Nxd5 Nxd5 15. Bf2 Nf4 16. Rad1 Rc8 17. c3 Qxd2 18. Rxd2 Nxe2+ 19. Rxe2 Bc4 20. Rxe5 Bf6 21. Rc5 Bxf1 22. Kxf1 Rxc5 23. Bxc5 Rd8 24. Bd4 Bxd4 25. Nxd4 Re8 26. Kf2 g6 27. h4 f5 28. g3 Kf7 29. a4 b6 30. Nc6 Kf6 31. Nd4 g5 32. hxg5+ Kxg5 33. Ne2 h5 34. f4+ Kg4 35. Ng1 h4 36. gxh4 Kxf4 37. Kg2 Kg4 38. Nf3 Re2+ 39. Kf1 Kxf3 40. b4 Rh2 41. Kg1 Rxh4 42. c4 Rxc4 43. b5 axb5 44. axb5 Rh4 0-1


[Site "https://www.chess.com"]

[Event "Titled Tuesday Blitz February 14 Early 2023"]
[White "Kubatko, Ivan"]
[Black "Willathgamuwa, Kevin"]
[WhiteFideId "24111473"]
[BlackFideId "3214168"]
[WhiteElo "2257"]
[BlackElo "2062"]
[Result "1-0"]
[Round "05"]
[TimeControl "180+2"]
[Date "2023.02.15"]
[WhiteClock "0:00:12"]
[BlackClock "0:00:14"]

1. e4 e6 2. d4 d5 3. exd5 exd5 4. Nf3 Bd6 5. c4 Nf6 6. Nc3 O-O 7. Bd3 Re8+ 8. Be3 dxc4 9. Bxc4 Bf4 10. O-O Bxe3 11. fxe3 Be6 12. Bxe6 Rxe6 13. Qb3 Rxe3 14. Ne5 Qe8 15. Qxb7 Nbd7 16. Rae1 Rb8 17. Qxc7 Rxe1 18. Rxe1 Rxb2 19. Qxa7 g6 20. Nf3 Qc8 21. Qa3 Rc2 22. Rc1 Rxc1+ 23. Qxc1 Ne4 24. Ne2 Qa6 25. Qe3 f5 26. Nd2 Ndf6 27. Nxe4 Nxe4 28. a3 Qa4 29. h3 Qd1+ 30. Kh2 Nd2 31. Qe6+ Kg7 32. Ng3 f4 33. Qe5+ Kg8 34. Qxf4 Qe1 35. d5 Qe7 36. d6 Qd7 37. Qxd2 Kg7 38. Qd4+ Kg8 39. Qe5 Kf7 40. Qe7+ Qxe7 41. dxe7 Kxe7 42. Ne2 Kd6 43. Kg3 Kc6 44. Kg4 Kb5 45. Kg5 Ka4 46. Kh6 Kb3 47. Kxh7 Kc2 48. Kxg6 Kd1 49. a4 Ke1 50. a5 Kf2 51. a6 Kf1 52. a7 Kf2 53. a8=Q Ke1 54. Qf3 Kd2 55. Nf4 Ke1 56. Qe2# 1-0


[Site "https://www.chess.com"]

[Event "Titled Tuesday Blitz February 14 Early 2023"]
[White "Afanasieva, Alexandra"]
[Black "I_KID_you_not"]
[WhiteFideId "34126926"]
[WhiteElo "1857"]
[BlackElo "2323"]
[Result "1-0"]
[Round "05"]
[TimeControl "180+2"]
[Date "2023.02.15"]
[WhiteClock "0:00:35"]
[BlackClock "0:00:05"]

1. e4 c5 2. Nf3 Nc6 3. Bb5 g6 4. Bxc6 dxc6 5. O-O Bg7 6. d3 Nf6 7. Re1 Nd7 8. e5 Nf8 9. h3 Ne6 10. Be3 O-O 11. a4 a5 12. Qd2 b6 13. Na3 Ba6 14. Rad1 Ra7 15. Nc4 Rd7 16. Qc3 Nd4 17. Bxd4 cxd4 18. Qb3 b5 19. Ncd2 e6 20. Ne4 Rd5 21. Ng3 Qc7 22. Re4 Bxe5 23. Nxe5 Rxe5 24. Rxd4 c5 25. Re4 b4 26. Rde1 c4 27. dxc4 Bxc4 28. Qf3 Bd5 29. Qf4 Bxe4 30. Nxe4 f5 31. Nf6+ Rxf6 32. Qxe5 Qxe5 33. Rxe5 f4 34. Rxa5 e5 35. Rxe5 Rc6 36. Re2 Kf7 37. b3 Kf6 38. f3 g5 39. Kf2 h5 40. Ke1 g4 41. hxg4 hxg4 42. fxg4 Kg5 43. Kd2 Kxg4 44. Re4 Rd6+ 45. Ke2 Rc6 46. Rc4 Re6+ 47. Kf2 Rd6 48. g3 Rd4 1-0


[Site "https://www.chess.com"]

[Event "Titled Tuesday Blitz February 14 Early 2023"]
[White "Ciuffoletti, Paolo"]
[Black "Wilson, Elvin"]
[WhiteFideId "807630"]
[BlackFideId "2014874"]
[WhiteElo "2106"]
[BlackElo "2183"]
[Result "0-1"]
[Round "05"]
[TimeControl "180+2"]
[Date "2023.02.15"]
[WhiteClock "0:00:12"]
[BlackClock "0:00:23"]

1. e4 e6 2. d4 d5 3. e5 c5 4. c3 Nc6 5. Nf3 Qb6 6. a3 c4 7. Nbd2 Na5 8. Rb1 Bd7 9. Be2 Ne7 10. O-O Qc7 11. Re1 Nc8 12. Qc2 h6 13. Nf1 Nb6 14. Bf4 Ba4 15. Qd2 O-O-O 16. h4 Be7 17. Ng3 Rdg8 18. h5 Kb8 19. Bd1 Bxd1 20. Rexd1 a6 21. Qe3 Ka7 22. Nd2 Rb8 23. b4 cxb3 24. Nxb3 Nxb3 25. Rxb3 Nc4 26. Qe2 Nxa3 27. Ra1 Nc4 28. Qg4 Rhg8 29. Nf1 b5 30. Qe2 Rgc8 31. Ne3 Nxe3 32. Bxe3 Qc4 33. Qa2 Rc6 34. Qb2 Rbb6 35. g4 Kb7 36. Qc2 b4 37. Rab1 bxc3 38. Rxb6+ Rxb6 39. Rxb6+ Kxb6 40. Qh7 c2 41. Bc1 Qe2 42. Be3 Bg5 43. Qxg7 Bxe3 0-1


[Site "https://www.chess.com"]

[Event "Titled Tuesday Blitz February 14 Early 2023"]
[White "Schut, Han"]
[Black "Nugumanov, Bakhtiyar"]
[WhiteFideId "1005561"]
[BlackFideId "13701797"]
[WhiteElo "2101"]
[BlackElo "2316"]
[Result "1/2-1/2"]
[Round "05"]
[TimeControl "180+2"]
[Date "2023.02.15"]
[WhiteClock "0:01:17"]
[BlackClock "0:00:56"]

1. e4 d6 2. d4 Nf6 3. Nc3 e5 4. f4 exd4 5. Qxd4 Nc6 6. Bb5 Bd7 7. Bxc6 Bxc6 8. Nf3 Nxe4 9. Nxe4 Qe7 10. Nd2 d5 11. O-O dxe4 12. Nb3 Qd6 13. Be3 Qxd4 14. Nxd4 Bc5 15. Rfe1 Bxd4 16. Bxd4 f6 17. Rad1 b6 18. Kf2 Kf7 19. Ke3 Rhe8 20. Bc3 Rad8 21. Rd4 Rxd4 22. Bxd4 Rd8 23. Re2 1/2-1/2


[Site "https://www.chess.com"]

[Event "Titled Tuesday Blitz February 14 Early 2023"]
[White "Prudnykova, Olga"]
[Black "Floresvillar Gonzalez, Luis Migu"]
[WhiteFideId "14121093"]
[BlackFideId "5100542"]
[WhiteElo "2268"]
[BlackElo "2043"]
[Result "1-0"]
[Round "05"]
[TimeControl "180+2"]
[Date "2023.02.15"]
[WhiteClock "0:00:10"]
[BlackClock "0:00:01"]

1. e4 e5 2. d4 Nc6 3. dxe5 Nxe5 4. f4 Nc6 5. Nf3 Bc5 6. Bc4 d6 7. Ng5 Nh6 8. Nc3 O-O 9. h3 Na5 10. Bd3 f5 11. Bd2 fxe4 12. Ncxe4 Bb6 13. Qf3 Bf5 14. O-O-O d5 15. Ng3 Bxd3 16. Qxd3 g6 17. Ne6 Qd7 18. Nxf8 Rxf8 19. Rhf1 Nf5 20. Nxf5 Rxf5 21. g4 Rf7 22. Bxa5 Bxa5 23. Qxd5 Qxd5 24. Rxd5 Bb6 25. f5 g5 26. Re1 Kg7 27. Re6 c6 28. Rde5 Bc7 29. Re4 Bf4+ 30. Kb1 h5 31. Re7 h4 32. Rxf7+ Kxf7 33. c3 a5 34. Kc2 Kf6 35. Kd3 Bc1 36. b3 Ba3 37. Re6+ Kf7 38. Rh6 Be7 39. Re6 Bc5 40. a4 Be7 41. c4 Bb4 42. Ke4 Bc5 43. Rg6 Be7 44. Ke5 1-0


[Site "https://www.chess.com"]

[Event "Titled Tuesday Blitz February 14 Early 2023"]
[White "Hartikainen, Jarmo"]
[Black "Balint, Vilmos"]
[WhiteFideId "503134"]
[BlackFideId "718050"]
[WhiteElo "2108"]
[BlackElo "2169"]
[Result "1-0"]
[Round "05"]
[TimeControl "180+2"]
[Date "2023.02.15"]
[WhiteClock "0:00:19"]
[BlackClock "0:01:51"]

1. e4 e5 2. Nf3 Nc6 3. Bc4 Nf6 4. d3 Bc5 5. c3 O-O 6. O-O a6 7. Nbd2 d6 8. h3 Ne7 9. Re1 Ng6 10. d4 Ba7 11. dxe5 dxe5 12. Qc2 Qe7 13. Nf1 Be6 14. Bxe6 Qxe6 15. Be3 Nh5 16. Bxa7 Rxa7 17. Qb3 Qxb3 18. axb3 Nhf4 19. Rad1 Raa8 20. Ne3 Rad8 21. Nd5 c6 22. Nxf4 exf4 23. g3 fxg3 24. fxg3 f6 25. Kf2 Kf7 26. h4 Ke6 27. h5 Ne5 28. Nxe5 Kxe5 29. Ke3 Rfe8 30. Rf1 h6 31. Rf5+ Ke6 32. Rff1 Ke5 33. Rf5+ Ke6 34. Rff1 a5 35. Rd4 Rxd4 36. Kxd4 Rd8+ 37. Ke3 Ke5 38. Rf5+ Ke6 39. Rf1 b6 40. g4 Ke5 41. Rf5+ Ke6 42. Rf1 Rd6 43. c4 c5 44. Ke2 Ke5 45. Ke3 Rd8 46. Rf5+ Ke6 47. Rd5 Rd6 48. Kf4 Rd7 49. Rxd7 Kxd7 50. Kf5 Ke7 51. e5 fxe5 52. Kxe5 Kd7 53. Kd5 Ke7 54. Kc6 Kf6 55. Kxb6 Kg5 56. Kxc5 Kxg4 57. b4 Kxh5 58. b5 g5 59. b6 g4 60. b7 g3 61. b8=Q g2 62. Qh2+ 1-0


[Site "https://www.chess.com"]

[Event "Titled Tuesday Blitz February 14 Early 2023"]
[White "Kuchava, Ana"]
[Black "Kornyukov, Alexey"]
[WhiteFideId "13605348"]
[BlackFideId "4150457"]
[WhiteElo "2101"]
[BlackElo "2452"]
[Result "1-0"]
[Round "05"]
[TimeControl "180+2"]
[Date "2023.02.15"]
[WhiteClock "0:00:44"]
[BlackClock "0:00:37"]

1. d4 d5 2. Nf3 Nf6 3. c4 e6 4. Nc3 Bb4 5. Qa4+ Nc6 6. e3 Bxc3+ 7. bxc3 O-O 8. Bd3 Bd7 9. Qc2 dxc4 10. Bxc4 Nd5 11. O-O Nb6 12. Bd3 h6 13. e4 e5 14. d5 Ne7 15. Nxe5 Ng6 16. Nxd7 Qxd7 17. c4 Ne5 18. Bb2 Nxd3 19. Qxd3 c6 20. Rac1 cxd5 21. cxd5 Rac8 22. Qd4 f6 23. h3 Rxc1 24. Rxc1 Rc8 25. Rxc8+ Qxc8 26. Qc3 Qxc3 27. Bxc3 Kf7 28. Kf1 Ke7 29. Bb4+ Kd7 30. Ke2 Nc4 31. Kd3 Ne5+ 32. Kd4 Ng6 33. g3 Ne5 34. f4 Ng6 35. e5 fxe5+ 36. fxe5 b6 37. e6+ Ke8 38. Ke4 a5 39. Bd6 b5 40. Kf5 Nh8 41. a3 Kd8 42. Be5 b4 43. axb4 axb4 44. Bxg7 b3 45. Bxh8 Ke7 46. Bb2 Kd6 47. Kf6 1-0


[Site "https://www.chess.com"]

[Event "Titled Tuesday Blitz February 14 Early 2023"]
[White "Zaichenko, Daria"]
[Black "Jesusesmifuerza"]
[WhiteFideId "4197453"]
[WhiteElo "2104"]
[BlackElo "2006"]
[Result "1-0"]
[Round "05"]
[TimeControl "180+2"]
[Date "2023.02.15"]
[WhiteClock "0:00:32"]
[BlackClock "0:00:50"]

1. e4 c5 2. Nf3 e6 3. d4 cxd4 4. Nxd4 Nf6 5. Nc3 Nc6 6. Ndb5 Bc5 7. Bf4 O-O 8. Nd6 e5 9. Bg5 Qb6 10. Qd2 Bxd6 11. Bxf6 gxf6 12. Qxd6 Qxb2 13. Kd2 Qxa1 14. Nd5 Qd4+ 15. Kc1 Qxf2 16. Nxf6+ Kg7 17. Nh5+ Kh8 18. Qxf8# 1-0


[Site "https://www.chess.com"]

[Event "Titled Tuesday Blitz February 14 Early 2023"]
[White "Osuna Vega, Enrique"]
[Black "Marosi, Levente"]
[WhiteFideId "2219549"]
[BlackFideId "747181"]
[WhiteElo "2061"]
[BlackElo "2303"]
[Result "0-1"]
[Round "05"]
[TimeControl "180+2"]
[Date "2023.02.15"]
[WhiteClock "0:00:13"]
[BlackClock "0:01:17"]

1. e4 c6 2. Nf3 d5 3. Nc3 Nf6 4. e5 Ne4 5. d3 Nxc3 6. bxc3 c5 7. d4 Nc6 8. Bd3 Qa5 9. O-O c4 10. Be2 Qxc3 11. Bd2 Qa3 12. Be3 e6 13. Ng5 h6 14. Nh3 g6 15. Bc1 Qc3 16. Be3 Be7 17. Rb1 Qa5 18. f4 h5 19. Ng5 b6 20. Bxc4 dxc4 21. d5 Qxd5 22. Qe2 Nd4 23. Qf2 Nf5 24. Rfd1 Qc6 25. Nf3 Bb7 26. Nd4 Nxd4 27. Bxd4 Bc5 28. c3 Bxd4 29. cxd4 Qd5 30. a4 Rc8 31. Rb5 Qe4 32. Re1 Qc6 33. Rd1 c3 34. d5 c2 35. Rc1 exd5 36. Qd2 d4 37. e6 fxe6 38. f5 gxf5 39. Qg5 Qxg2+ 40. Qxg2 Bxg2 41. Kxg2 d3 0-1


[Site "https://www.chess.com"]

[Event "Titled Tuesday Blitz February 14 Early 2023"]
[White "Sadovsky, Artem"]
[Black "Rosh Jain"]
[WhiteFideId "4155840"]
[BlackFideId "25789465"]
[WhiteElo "2276"]
[BlackElo "2248"]
[Result "1-0"]
[Round "05"]
[TimeControl "180+2"]
[Date "2023.02.15"]
[WhiteClock "0:00:58"]
[BlackClock "0:00:01"]

1. Nf3 d5 2. e3 e6 3. c4 Nf6 4. b3 c5 5. Bb2 Nc6 6. cxd5 exd5 7. d4 Be7 8. Nc3 O-O 9. Be2 Be6 10. O-O Rc8 11. dxc5 Bxc5 12. Rc1 Bb6 13. Na4 Ne4 14. Nxb6 Qxb6 15. Nd4 Nb4 16. Rxc8 Rxc8 17. a3 Na2 18. Qa1 Nac3 19. Bd3 a6 20. Rc1 Nb5 21. Rxc8+ Bxc8 22. Nxb5 axb5 23. Bxg7 Qg6 24. Be5 Bh3 25. Bg3 Bf5 26. Bxb5 Nxg3 27. hxg3 Be4 28. Bf1 h5 29. Qe5 Kh7 30. b4 Bd3 31. Bxd3 Qxd3 32. Qxh5+ Kg8 33. Qg4+ Kh7 34. Qd4 1-0


[Site "https://www.chess.com"]

[Event "Titled Tuesday Blitz February 14 Early 2023"]
[White "Hrabinska, Myroslava"]
[Black "Davidson, Kevin"]
[WhiteFideId "14109190"]
[BlackFideId "2056810"]
[WhiteElo "2210"]
[BlackElo "2154"]
[Result "1-0"]
[Round "05"]
[TimeControl "180+2"]
[Date "2023.02.15"]
[WhiteClock "0:00:06"]
[BlackClock "0:00:02"]

1. e4 c5 2. b4 cxb4 3. a3 d5 4. exd5 Qxd5 5. Nf3 e5 6. c4 bxc3 7. Nxc3 Qa5 8. Bc4 Be7 9. Qb3 Nh6 10. O-O O-O 11. Re1 Nc6 12. Nd5 Bd6 13. Bb2 Nf5 14. Nxe5 Qxd2 15. Nf3 Qh6 16. Qd3 Nh4 17. g3 Bf5 18. Qd1 Nxf3+ 19. Qxf3 Be6 20. Rad1 Rad8 21. Bc1 Qg6 22. Bd3 Qg4 23. Be4 Qxf3 24. Bxf3 Ne5 25. Bg2 Nc4 26. Nb4 a5 27. Nd3 b5 28. Nf4 Bxa3 29. Bxa3 Nxa3 30. Nxe6 fxe6 31. Ra1 b4 32. Rac1 Rd2 33. Bh3 Rfxf2 34. Bxe6+ Kf8 35. Rc8+ Ke7 36. Bh3+ Kf6 37. Rf8+ 1-0


[Site "https://www.chess.com"]